 Dungeon Crawl Stone Soup version 0.28.0-43-g3370ac3207 (webtiles) character file.

Game seed: 7713971305362440188

149 pkoi the Ruffian (level 5, -4/46 HPs)
             Began as a Draconian Monk on Mar 18, 2022.
             Slain by a gnoll
             ... wielding a +0 flail
              (7 damage)
             ... on level 3 of the Dungeon.
             The game lasted 00:04:16 (3103 turns).

pkoi the Ruffian (Draconian Monk)                   Turns: 3103, Time: 00:04:17

Health: -4/46      AC:  5    Str: 14    XL:     5   Next: 9%
Magic:  5/5        EV: 13    Int: 12    God:
Gold:   117        SH:  0    Dex: 13    Spells: 4/4 levels left

rFire   . . .      SeeInvis .     - Unarmed
rCold   . . .      Faith    .   (no shield)
rNeg    . . .      Spirit   .   (armour unavailable)
rPois   .          Reflect  .   (helmet restricted)
rElec   .          Harm     .   (no cloak)
rCorr   .          Rampage  .   (no gloves)
Will    .....                   (no boots)
Stlth   ++........              (no amulet)
HPRegen 0.15/turn               (no ring)
MPRegen 0.09/turn               (no ring)

@: no status effects
A: AC +5, unfitting armour, cold-blooded
a: no special abilities


You were on level 3 of the Dungeon.
You visited 1 branch of the dungeon, and saw 3 of its levels.

You collected 117 gold pieces.

Inventory:

Hand Weapons
 f - a +1 short sword of draining
Missiles
 i - 6 poisoned darts (quivered)
Scrolls
 a - 2 scrolls of identify {unknown}
 b - a scroll of immolation {unknown}
 e - 2 scrolls of teleportation {unknown}
 g - a scroll of enchant armour {unknown}
 h - a scroll of silence {unknown}
Potions
 c - 2 potions of mutation {unknown}
 d - a potion of flight {unknown}


   Skills:
 + Level 4.2 Fighting
 + Level 3.4 Dodging
 - Level 1.7 Stealth
 * Level 4.6 Unarmed Combat


You had 4 spell levels left.
You didn't know any spells.
Your spell library contained the following spells:

 Spells                   Type           Power      Damage    Failure   Level
 Gell's Gravitas          Tloc           0%         N/A       69%         3
 Lesser Beckoning         Tloc           0%         N/A       69%         3
 Ozocubu's Armour         Ice            0%         N/A       69%         3
 Teleport Other           Tloc           0%         N/A       69%         3
 Metabolic Englaciation   Hex/Ice        0%         N/A       100%        5
 Simulacrum               Ice/Necr       0%         N/A       100%        6


Dungeon Overview and Level Annotations

Branches:
Dungeon (3/15)

Altars:
Okawaru

Shops:
D:3 [


Innate Abilities, Weirdness & Mutations

Your plain brown scales are hard. (AC +5)
You cannot fit into any form of body armour.
You are cold-blooded and may be slowed by cold attacks.


Message History

Unknown command.
You closely miss the gnoll.
The gnoll is severely wounded.
The gnoll misses you.
You hit the gnoll.
You kill the gnoll!
You hit the gnoll.
Your tail-slap misses the gnoll.
The gnoll is lightly wounded.
The gnoll barely misses you.
You hit the gnoll.
The gnoll is lightly wounded.
The gnoll hits you with a +0 flail.
* * * LOW HITPOINT WARNING * * *
You hit the gnoll.
The gnoll is moderately wounded.
The gnoll barely misses you.
You hit the gnoll.
The gnoll is severely wounded.
The gnoll barely misses you.
You hit the gnoll.
The gnoll is severely wounded.
The gnoll hits you with a +0 flail!
* * * LOW HITPOINT WARNING * * *
You closely miss the gnoll.
The gnoll is severely wounded.
The gnoll hits you but does no damage.
You hit the gnoll.
The gnoll is almost dead.
The gnoll closely misses you.
You closely miss the gnoll.
The gnoll is almost dead.
The gnoll hits you with a +0 flail.
* * * LOW HITPOINT WARNING * * *
You barely miss the gnoll.
You tail-slap the gnoll, but do no damage.
The gnoll is almost dead.
You closely miss the gnoll.
The gnoll is almost dead.
The gnoll hits you with a +0 flail!
You die...

### #
##.###.#
#...@g.#
###.#####
#......#
#.#.##.#
#.#.##.#
#.#.##.#
#......#
#####.##
#.# .


You could see a gnoll.

Vanquished Creatures
  2 gnolls (D:3)
  6 adders
  2 dart slugs
  3 orcs
  6 ball pythons
  5 bats
  5 endoplasms
  2 giant cockroaches
  6 goblins
  9 hobgoblins
  2 jackals (D:2)
  6 kobolds
  3 quokkas
  4 frilled lizards
  7 rats
68 creatures vanquished.

Notes
Turn   | Place    | Note
-------+----------+-------------------------------------------
     0 | D:1      | pkoi the Draconian Monk began the quest for the Orb.
     0 | D:1      | Reached XP level 1. HP: 19/19 MP: 1/1
   205 | D:1      | You fall into a shaft and drop 1 floor!
   224 | D:1      | Reached XP level 2. HP: 26/26 MP: 2/2
   395 | D:1      | Found an iron altar of Okawaru.
   571 | D:1      | Reached XP level 3. HP: 31/33 MP: 3/3
   666 | D:1      | Found a faded altar of an unknown god.
  1096 | D:2      | Reached XP level 4. HP: 24/40 MP: 4/4
  2985 | D:3      | Found Ytuqejuwk's Antique Armour Shop.
  3084 | D:3      | Reached XP level 5. HP: 20/46 MP: 5/5
  3103 | D:3      | Slain by a gnoll

Illustrated notes

Levels and vault maps discovered:
D:1:      saegor_arrival_simple_a, layout_rooms,
          shapermc_ecumenical_altar_mp_highgroup, minmay_misc_feat_four_crosses,
          minmay_hexomino_r4
D:2:      layout_loops_ring, serial_park_tiny_2, serial_park_tiny_2
D:3:      minmay_spotlight, layout_loops_cross,
          lemuel_zombie_altar_kikubaaqudgha, serial_shops,
          nicolae_shop_advertising_works [nicolae_subvault_shop_adworks]

Skill      XL: |  1  2  3  4 |
---------------+-------------+-----
Dodging        | 3 |  3.4
Unarmed Combat | 4 |  4.6
Fighting       | 4 |  4.2
Stealth        | |  1.7

Action                   |  1- 3 |  4- 6 || total
-------------------------+-------+-------++-------
Melee: Unarmed           |   119 |    90 ||   209
       Tailslap          |    13 |    16 ||    29
       Short sword       |       |    50 ||    50
       Punch             |       |     3 ||     3
 Stab: Sleeping          |     2 |     1 ||     3
Armor: Skin              |    38 |    35 ||    73
Dodge: Dodged            |    74 |    86 ||   160
